[Event "Titled Tuesday Blitz November 07 Late 2023"]
[White "katharinareinecke"]
[Black "Tarnowska, Aleksandra"]
[BlackFideId "1180967"]
[WhiteElo "1923"]
[BlackElo "2145"]
[Result "0-1"]
[Round "6"]
[TimeControl "180+1"]
[Date "2023.11.07"]
[WhiteClock "0:00:00"]
[BlackClock "0:00:09"]
[Board "138"]

1. d4 d5 2. c4 e6 3. Nf3 Nf6 4. g3 Be7 5. Bg2 O-O 6. O-O b6 7. cxd5 exd5 8. Nc3 Bb7 9. Ne5 Nbd7 10. a3 Ne4 11. Nxe4 dxe4 12. Nxd7 Qxd7 13. e3 Rad8 14. b4 c5 15. bxc5 bxc5 16. Bb2 Bf6 17. Qb3 Bd5 18. Qc2 Rb8 19. Bxe4 Bxe4 20. Qxe4 Rxb2 21. dxc5 Rc8 22. Rac1 Qc6 23. Qxc6 Rxc6 24. Rfd1 h6 25. Rd6 Rxd6 26. cxd6 Rd2 27. Rc7 Rxd6 28. Rxa7 g5 29. a4 Re6 30. a5 Kg7 31. a6 Rb6 32. Ra8 Rb1+ 33. Kg2 Ra1 34. h3 h5 35. g4 hxg4 36. hxg4 Ra4 37. Kf3 Be5 38. Ra7 Ra2 39. Ra8 Bh2 40. Kg2 Bd6 41. Kf3 Bc5 42. Rc8 Bb4 43. Rc6 Be1 44. Ke4 Rxf2 45. a7 Ra2 46. Rc7 Bf2 47. Rb7 Ra3 48. Kd5 Bxe3 49. Kc6 Rxa7 50. Rxa7 Bxa7 51. Kd5 Be3 52. Ke4 Bf4 53. Kf5 f6 54. Ke4 Kg6 55. Kf3 Kf7 56. Ke4 Ke6 57. Kf3 Ke5 58. Kg2 Ke4 59. Kh3 Bc1 60. Kg3 Ke3 61. Kg2 Kf4 0-1


[Site "https://www.chess.com"]

[Event "Titled Tuesday Blitz November 07 Late 2023"]
[White "Feliz Dotel, Dewar Bienvenido"]
[Black "Burke, Paul"]
[WhiteFideId "6402801"]
[BlackFideId "2605767"]
[WhiteElo "2144"]
[BlackElo "1875"]
[Result "1-0"]
[Round "6"]
[TimeControl "180+1"]
[Date "2023.11.07"]
[WhiteClock "0:00:30"]
[BlackClock "0:00:00"]
[Board "139"]

1. d4 a6 2. e3 d6 3. Nf3 g6 4. Be2 h6 5. b4 Bg7 6. Bb2 Nd7 7. c4 e6 8. Nc3 Ne7 9. O-O O-O 10. Qb3 Kh7 11. a4 e5 12. Rfe1 f5 13. dxe5 dxe5 14. Rad1 Qe8 15. c5 c6 16. Nb1 Nd5 17. Nc3 N5f6 18. Nd2 e4 19. Nc4 Qf7 20. Qa3 g5 21. Nd6 Qg6 22. Qa1 Ne5 23. b5 axb5 24. Ncxb5 cxb5 25. Bxe5 Rxa4 26. Qb2 Be6 27. Bxb5 Ra2 28. Qb1 Qh5 29. Bc4 Bxc4 30. Nxc4 Rfa8 31. Bxf6 Bxf6 32. Qxb7+ Bg7 33. Rd7 Rg8 34. Qd5 Qh4 35. Qxf5+ Kh8 36. g3 Qh5 37. Ne5 Rf8 38. Ng6+ 1-0


[Site "https://www.chess.com"]

[Event "Titled Tuesday Blitz November 07 Late 2023"]
[White "Makarian, Rudik"]
[Black "Carlsen, Magnus"]
[WhiteFideId "44105681"]
[BlackFideId "1503014"]
[WhiteElo "2996"]
[BlackElo "3269"]
[Result "0-1"]
[Round "7"]
[TimeControl "180+1"]
[Date "2023.11.07"]
[WhiteClock "0:00:00"]
[BlackClock "0:00:46"]
[Board "1"]

1. d4 Nc6 2. Nf3 Nf6 3. c4 g6 4. Nc3 Bg7 5. e4 O-O 6. Be2 d6 7. O-O Bg4 8. d5 Bxf3 9. Bxf3 Na5 10. Be2 Nd7 11. Bd2 c5 12. Rb1 a6 13. b3 e6 14. Re1 Re8 15. Qc2 h5 16. h3 b6 17. Bf1 h4 18. Rbd1 Nb7 19. dxe6 Rxe6 20. Nd5 Na5 21. Nf4 Re8 22. Bxa5 bxa5 23. Nd5 Ne5 24. Kh1 Nc6 25. Qd2 Bd4 26. Qf4 Nb4 27. Rxd4 cxd4 28. Nf6+ Kg7 29. Nxe8+ Qxe8 30. a3 Nc6 31. Qxd6 Rd8 32. Qf4 Qe7 33. e5 d3 34. Rd1 g5 35. Qf6+ Qxf6 36. exf6+ Kxf6 37. Rxd3 Rxd3 38. Bxd3 Ke5 39. g3 Kd4 40. Be2 a4 41. bxa4 a5 42. Kg2 Ne5 43. f4 gxf4 44. gxf4 Nxc4 45. Kf3 f5 46. Bd1 Nxa3 47. Bb3 Nc4 48. Bc2 Nd2+ 49. Ke2 Ne4 50. Kf3 Nd6 51. Bd1 Kd3 52. Bb3 Nc4 53. Kf2 Nd2 54. Be6 Ke4 55. Ke2 Nb1 56. Kd1 Nc3+ 57. Kc2 Nxa4 58. Bd7 Nc5 0-1


[Site "https://www.chess.com"]

[Event "Titled Tuesday Blitz November 07 Late 2023"]
[White "Nihal Sarin"]
[Black "Bortnyk, Olexandr"]
[WhiteFideId "25092340"]
[BlackFideId "14120828"]
[WhiteElo "3113"]
[BlackElo "3043"]
[Result "1/2-1/2"]
[Round "7"]
[TimeControl "180+1"]
[Date "2023.11.07"]
[WhiteClock "0:00:12"]
[BlackClock "0:00:08"]
[Board "2"]

1. c4 Nf6 2. Nf3 g6 3. b3 Bg7 4. Bb2 O-O 5. g3 c6 6. Bg2 d5 7. O-O a5 8. Nc3 Na6 9. cxd5 cxd5 10. Rc1 Ne4 11. Na4 Bd7 12. Bxg7 Kxg7 13. d3 Bxa4 14. dxe4 dxe4 15. Qd4+ Qxd4 16. Nxd4 Rfd8 17. e3 e5 18. Ne6+ fxe6 19. bxa4 Rac8 20. Rxc8 Rxc8 21. Bxe4 Nc5 22. Bc2 Kf6 23. Rb1 Rc6 24. Kg2 Rd6 25. Rd1 Rxd1 26. Bxd1 e4 27. h4 h6 28. f4 exf3+ 29. Kxf3 g5 30. Bc2 h5 31. hxg5+ Kxg5 32. Kg2 h4 33. gxh4+ Kxh4 34. Kf3 Kg5 35. Ke2 Kf6 36. Kd2 Ke5 37. Kc3 Kd5 38. Bd1 Ne4+ 39. Kb3 Kc5 40. Bc2 Nd2+ 41. Kc3 Nc4 42. Bb3 Nxe3 43. Bxe6 Nd5+ 44. Bxd5 Kxd5 45. Kd3 Kc5 46. Kc3 Kd5 47. Kd3 Kc5 48. Kc3 Kd5 1/2-1/2


[Site "https://www.chess.com"]

[Event "Titled Tuesday Blitz November 07 Late 2023"]
[White "Duda, Jan-Krzysztof"]
[Black "Matlakov, Maxim"]
[WhiteFideId "1170546"]
[BlackFideId "4168003"]
[WhiteElo "3085"]
[BlackElo "2979"]
[Result "1-0"]
[Round "7"]
[TimeControl "180+1"]
[Date "2023.11.07"]
[WhiteClock "0:00:21"]
[BlackClock "0:00:09"]
[Board "4"]

1. b3 e5 2. Bb2 Nc6 3. c4 Nge7 4. e3 d5 5. cxd5 Nxd5 6. a3 Bd6 7. Qc2 Bd7 8. Nf3 Qe7 9. d3 g5 10. b4 a6 11. Nc3 Nxc3 12. Bxc3 g4 13. Nd2 O-O-O 14. Rb1 h5 15. Ne4 f5 16. Nxd6+ Qxd6 17. Be2 h4 18. O-O Rhf8 19. a4 f4 20. b5 f3 21. bxc6 Bxc6 22. Bb4 Qg6 23. Bxf8 fxe2 24. Qxe2 Rxf8 25. e4 h3 26. Rfc1 hxg2 27. Qe3 Rf3 28. Qc5 Rxd3 29. Qxe5 Qxe4 30. Qg5 Rd8 31. a5 Qf3 32. Re1 Rf8 33. Rb2 Kb8 34. Rd2 Ka7 35. Qc5+ Kb8 36. Red1 Qf6 37. Qxf8+ Qxf8 38. Rd8+ Qxd8 39. Rxd8+ Ka7 40. Rc8 Bf3 41. Rxc7 Kb8 42. Rf7 Kc8 43. h4 Bd5 44. Rf5 Be6 45. Rf4 Kd7 46. h5 1-0


[Site "https://www.chess.com"]

[Event "Titled Tuesday Blitz November 07 Late 2023"]
[White "Pranav, V"]
[Black "Melkumyan, Hrant"]
[WhiteFideId "25060783"]
[BlackFideId "13302485"]
[WhiteElo "3068"]
[BlackElo "2922"]
[Result "0-1"]
[Round "7"]
[TimeControl "180+1"]
[Date "2023.11.07"]
[WhiteClock "0:00:00"]
[BlackClock "0:00:02"]
[Board "5"]

1. e4 e5 2. Nf3 Nc6 3. Bb5 Nf6 4. d3 Bc5 5. c3 O-O 6. O-O Re8 7. Re1 a6 8. Ba4 h6 9. h3 Ba7 10. Nbd2 d6 11. Nf1 Bd7 12. Ng3 Ne7 13. Bb3 Be6 14. Bxe6 fxe6 15. Qb3 Qd7 16. d4 Nc6 17. dxe5 Nxe5 18. Nxe5 dxe5 19. Be3 Bxe3 20. Rxe3 Qc6 21. Qb4 a5 22. Qb3 a4 23. Qb4 b6 24. Nf1 Ra5 25. Nd2 Rd8 26. Nf3 Rd6 27. Ree1 Rc5 28. b3 Ra5 29. c4 Nxe4 30. c5 Nxc5 31. Nxe5 Qe8 32. Nc4 Rd4 33. Qc3 Rd3 34. Qc1 Ra8 35. b4 Nd7 36. Qc2 Rd4 37. Qc3 c5 38. bxc5 bxc5 39. Rab1 Rb8 40. Rbc1 Qe7 41. Ne3 Qd6 42. Nc4 Qd5 43. Ne3 Qxa2 44. Qa5 Qb3 45. Qa6 Qb6 46. Qe2 a3 47. Ra1 Ra8 48. Nc2 Rda4 49. Qd3 Nf6 50. Rxa3 c4 51. Qf3 Rxa3 52. Nxa3 Rc8 53. Nc2 c3 54. Re2 Nd5 55. Qe4 Rc6 56. g3 Nf6 57. Qe5 Qa6 58. Kh2 Kh7 59. Qe3 Qc4 60. Qf3 Rd6 61. Qe3 Nd7 0-1


[Site "https://www.chess.com"]

[Event "Titled Tuesday Blitz November 07 Late 2023"]
[White "Hakobyan, Aram"]
[Black "Zhigalko, Sergei"]
[WhiteFideId "13306677"]
[BlackFideId "13502956"]
[WhiteElo "3060"]
[BlackElo "2910"]
[Result "1-0"]
[Round "7"]
[TimeControl "180+1"]
[Date "2023.11.07"]
[WhiteClock "0:00:10"]
[BlackClock "0:00:07"]
[Board "6"]

1. d4 Nf6 2. c4 e6 3. Nc3 Bb4 4. e3 O-O 5. a3 Bxc3+ 6. bxc3 c5 7. Ne2 Nc6 8. Ng3 d5 9. cxd5 exd5 10. Bd3 Re8 11. O-O Ne4 12. Qc2 Qh4 13. c4 Re6 14. Nf5 Qd8 15. f3 Nf6 16. cxd5 Qxd5 17. e4 Qd8 18. d5 Nxd5 19. exd5 Qxd5 20. Bc4 Nd4 21. Bxd5 Nxc2 22. Bxe6 Bxe6 23. Ne7+ Kf8 24. Rb1 Kxe7 25. Rxb7+ Kf6 26. Bb2+ Kg6 27. Rc1 Ne3 28. Rxc5 Rd8 29. h4 h6 30. h5+ Kh7 31. Re5 Nc4 32. Rxe6 fxe6 33. Rxg7+ Kh8 34. Rd7+ Nxb2 35. Rxd8+ Kg7 36. Rd7+ Kf6 37. Rxa7 Nc4 38. a4 Nb6 39. a5 Nd5 40. a6 Nb4 41. Ra8 Nc6 42. Rc8 Na7 43. Rc7 Nb5 44. Rb7 Nd6 45. Rb8 Ke5 46. a7 Nf5 47. a8=Q Kf6 48. Qa1+ e5 49. Rb6+ Kg5 50. Qxe5 Kh4 51. Qxf5 Kg3 52. Qg4# 1-0


[Site "https://www.chess.com"]

[Event "Titled Tuesday Blitz November 07 Late 2023"]
[White "Paravyan, David"]
[Black "Bachmann, Axel"]
[WhiteFideId "4194985"]
[BlackFideId "3700488"]
[WhiteElo "3049"]
[BlackElo "2885"]
[Result "0-1"]
[Round "7"]
[TimeControl "180+1"]
[Date "2023.11.07"]
[WhiteClock "0:01:04"]
[BlackClock "0:00:53"]
[Board "7"]

1. e4 Nf6 2. e5 Nd5 3. d4 d6 4. Nf3 Bf5 5. Bc4 e6 6. Bg5 Be7 7. Bxe7 Qxe7 8. O-O O-O 9. Bxd5 exd5 10. Nc3 c6 11. Qd2 Nd7 12. Rae1 dxe5 13. Nxe5 Nxe5 14. Rxe5 Qf6 15. Rfe1 h6 16. R1e2 Be6 17. Nd1 Rad8 18. c3 Rd6 19. h3 Rc8 20. Ne3 Qg6 21. f4 Bxh3 22. f5 Qg5 23. Nxd5 Rxd5 24. Qxg5 hxg5 25. Rxd5 cxd5 26. gxh3 Kf8 27. Kf2 f6 28. Re6 Rd8 29. a4 Kf7 30. a5 g6 31. Re1 gxf5 32. Ra1 Rh8 33. Kg2 Re8 34. Kf3 f4 35. Ra4 Re3+ 36. Kf2 Rxh3 37. Rb4 b6 38. axb6 axb6 39. Rxb6 g4 40. Rd6 Rh2+ 41. Kg1 g3 0-1


[Site "https://www.chess.com"]

[Event "Titled Tuesday Blitz November 07 Late 2023"]
[White "Kamsky, Gata"]
[Black "Ibarra Jerez, Jose Carlos"]
[WhiteFideId "2000024"]
[BlackFideId "2226332"]
[WhiteElo "2863"]
[BlackElo "3011"]
[Result "1-0"]
[Round "7"]
[TimeControl "180+1"]
[Date "2023.11.07"]
[WhiteClock "0:01:47"]
[BlackClock "0:00:05"]
[Board "8"]

1. d4 d5 2. Bf4 c5 3. e3 Nc6 4. c3 Qb6 5. Qb3 c4 6. Qc2 e5 7. Bxe5 Bf5 8. Qc1 Nxe5 9. dxe5 f6 10. e6 Ne7 11. Nf3 Nc6 12. Nbd2 Bxe6 13. Be2 Bd6 14. O-O Rc8 15. e4 Ne7 16. Nd4 Bf7 17. exd5 Bxd5 18. Bg4 Rd8 19. Re1 O-O 20. Be6+ Bxe6 21. Nxe6 Bc5 22. Ne4 Qxe6 23. Nxc5 Qf7 24. Ne6 Nc6 25. Nxf8 Qxf8 26. Qe3 Ne5 27. Qxa7 Nd3 28. Re4 Qf7 29. Qb6 Rd7 30. b3 h6 31. Rxc4 Ne5 32. Rd4 Re7 33. Qb5 Qg6 34. Qd5+ Kh8 35. h3 Rd7 36. Qe4 1-0


[Site "https://www.chess.com"]

[Event "Titled Tuesday Blitz November 07 Late 2023"]
[White "Kravtsiv, Martyn"]
[Black "Deac, Bogdan-Daniel"]
[WhiteFideId "14113147"]
[BlackFideId "1226380"]
[WhiteElo "2852"]
[BlackElo "2984"]
[Result "0-1"]
[Round "7"]
[TimeControl "180+1"]
[Date "2023.11.07"]
[WhiteClock "0:00:00"]
[BlackClock "0:00:53"]
[Board "9"]

1. e4 c6 2. Nf3 d5 3. d3 Nd7 4. Qe2 dxe4 5. Qxe4 Ngf6 6. Qe2 g6 7. g3 Bg7 8. Bg2 O-O 9. O-O Re8 10. Nbd2 e5 11. Rd1 a5 12. Nc4 Qc7 13. a4 h6 14. Bd2 b6 15. Bc3 Nd5 16. Be1 Ba6 17. Nfd2 f5 18. Rac1 N7f6 19. Nb3 e4 20. Ne3 exd3 21. cxd3 Qf7 22. Qd2 Nxe3 23. fxe3 Qxb3 24. Bxc6 Rad8 25. Bxe8 Rxe8 26. Rc6 Bb7 27. Rc7 Qd5 28. e4 fxe4 29. Qg2 Ng4 30. Rxg7+ Kxg7 31. Bc3+ Kg8 32. Re1 e3 0-1


[Site "https://www.chess.com"]

[Event "Titled Tuesday Blitz November 07 Late 2023"]
[White "Hong, Andrew"]
[Black "Szpar, Milosz"]
[WhiteFideId "2099438"]
[BlackFideId "1184989"]
[WhiteElo "2983"]
[BlackElo "2823"]
[Result "0-1"]
[Round "7"]
[TimeControl "180+1"]
[Date "2023.11.07"]
[WhiteClock "0:00:15"]
[BlackClock "0:00:11"]
[Board "10"]

1. e4 e6 2. d4 d5 3. Nc3 Nf6 4. e5 Nfd7 5. f4 c5 6. Nf3 Nc6 7. Be3 Be7 8. Qd2 O-O 9. Bd3 f5 10. exf6 Bxf6 11. Bb5 Qa5 12. O-O cxd4 13. Nxd4 Nxd4 14. Bxd4 Bxd4+ 15. Qxd4 Qb6 16. Rad1 Qxd4+ 17. Rxd4 Nc5 18. Re1 a6 19. Bf1 b5 20. g3 Bd7 21. Bg2 Rac8 22. Re2 g6 23. Red2 Kg7 24. b4 Nb7 25. Ne4 h6 26. Re2 Rc4 27. Rxc4 bxc4 28. Nd2 Nd6 29. Nf3 Rb8 30. c3 a5 31. bxa5 Ra8 32. Nd4 Kf6 33. Bh3 Ne4 34. Rc2 Rxa5 35. Bg2 Nc5 36. Kf2 Ra3 37. Ke3 Ba4 38. Rc1 Nd3 39. Ra1 Rxc3 40. Kd2 Ra3 41. Bf1 Nc5 42. Kc1 Ne4 43. Be2 Rc3+ 44. Kb2 Re3 45. Bg4 c3+ 46. Ka3 Bd7 47. Nc2 Rd3 48. Kb4 h5 49. Bd1 Rd2 50. Rc1 Nf2 51. Kxc3 Rxd1 52. Rxd1 Nxd1+ 53. Kb4 Nf2 54. a4 Nd3+ 55. Kc3 Bxa4 56. Kxd3 Bxc2+ 57. Kxc2 e5 58. fxe5+ Kxe5 59. Kd3 d4 60. h3 g5 61. h4 g4 62. Kd2 Ke4 63. Ke2 d3+ 64. Kd2 Kd4 65. Kd1 Ke3 66. Ke1 Kf3 67. Kd2 Kxg3 68. Kxd3 Kf3 69. Kd4 g3 70. Ke5 g2 71. Kf5 g1=Q 72. Kf6 Qg4 73. Ke5 Qe4+ 74. Kf6 Qd5 75. Kg6 Kf4 76. Kf6 Qf5+ 77. Ke7 Qg6 78. Kd7 Ke5 79. Ke7 Qg7+ 80. Kd8 Kd6 81. Ke8 Qe7# 0-1


[Site "https://www.chess.com"]

[Event "Titled Tuesday Blitz November 07 Late 2023"]
[White "Sarana, Alexey"]
[Black "BardArtem"]
[WhiteFideId "24133795"]
[WhiteElo "2976"]
[BlackElo "2779"]
[Result "1-0"]
[Round "7"]
[TimeControl "180+1"]
[Date "2023.11.07"]
[WhiteClock "0:02:26"]
[BlackClock "0:00:37"]
[Board "11"]

1. d4 d5 2. c4 c6 3. Nc3 Nf6 4. Nf3 dxc4 5. a4 e6 6. e3 c5 7. Bxc4 Nc6 8. O-O cxd4 9. exd4 Be7 10. Qe2 O-O 11. Rd1 Nb4 12. Ne5 b6 13. Bg5 h6 14. Bxf6 Bxf6 15. Ne4 Bb7 16. Nxf6+ Qxf6 17. Nd7 Qg6 18. d5 Rfd8 19. Ne5 Qg5 20. h4 Qf5 21. dxe6 fxe6 22. Nc6 Rxd1+ 23. Rxd1 Qc2 24. Nxb4 1-0


[Site "https://www.chess.com"]

[Event "Titled Tuesday Blitz November 07 Late 2023"]
[White "Rostovtsev, Dmitry"]
[Black "Krzyzanowski, Marcin"]
[WhiteFideId "34278320"]
[BlackFideId "1132199"]
[WhiteElo "2939"]
[BlackElo "2776"]
[Result "1-0"]
[Round "7"]
[TimeControl "180+1"]
[Date "2023.11.07"]
[WhiteClock "0:00:16"]
[BlackClock "0:00:01"]
[Board "12"]

1. d4 Nf6 2. c4 e6 3. Nc3 Bb4 4. e3 O-O 5. Bd2 d5 6. Nf3 b6 7. Rc1 Be7 8. cxd5 exd5 9. Bd3 Bb7 10. O-O c5 11. Ne5 Nc6 12. Ne2 Nxe5 13. dxe5 Nd7 14. f4 f5 15. g4 d4 16. Bxf5 Kh8 17. Ng3 Bh4 18. Be4 Bxg3 19. Bxb7 dxe3 20. Bxe3 Qh4 21. Qe2 Rab8 22. Bc6 Rbd8 23. hxg3 Qxg3+ 24. Bg2 c4 25. e6 Nf6 26. Rf3 Qxg4 27. e7 Rfe8 28. exd8=Q Rxd8 29. Rxc4 Qh5 30. Rd4 Re8 31. Qf2 Ng4 32. Qg3 Nh6 33. Qg5 Qf7 34. Rd8 Ng8 35. Rxe8 Qxe8 36. Bd4 Qf7 37. Rg3 Nf6 38. Bxf6 gxf6 39. Qf5 Qe7 40. Qc8+ Qf8 41. Qxf8# 1-0


[Site "https://www.chess.com"]

[Event "Titled Tuesday Blitz November 07 Late 2023"]
[White "Bortnyk, Mykola"]
[Black "Rastbod, Ali"]
[WhiteFideId "14120836"]
[BlackFideId "12567477"]
[WhiteElo "2931"]
[BlackElo "2750"]
[Result "0-1"]
[Round "7"]
[TimeControl "180+1"]
[Date "2023.11.07"]
[WhiteClock "0:00:00"]
[BlackClock "0:00:08"]
[Board "13"]

1. e4 c6 2. d4 d5 3. Nc3 dxe4 4. Nxe4 Nf6 5. Nxf6+ exf6 6. Bc4 Bd6 7. Qe2+ Be7 8. Nf3 O-O 9. O-O Nd7 10. Re1 Re8 11. Qe4 Nf8 12. Bd3 Be6 13. Bf4 Qb6 14. c4 Rad8 15. a3 Ng6 16. c5 Qb3 17. Bc7 Rd7 18. Bg3 Qd5 19. Qe2 Qh5 20. Qc2 Bf8 21. b4 Red8 22. a4 Bg4 23. Be2 Qf5 24. Qxf5 Bxf5 25. b5 Bg4 26. a5 Bxf3 27. Bxf3 Rxd4 28. a6 bxa6 29. bxc6 Rc8 30. c7 Ne5 31. c6 Bd6 32. Rxa6 Rxc7 33. Rb1 g5 34. h3 Nxf3+ 35. gxf3 Bxg3 36. fxg3 Rc4 37. Rb7 R7xc6 38. Rxc6 Rxc6 39. Rxa7 Rc2 40. Ra6 Kg7 41. g4 Re2 42. Rb6 Re6 43. Rb5 h5 44. Kf2 h4 45. Rb2 Kf8 46. Rb8+ Ke7 47. Rb7+ Ke8 48. Ra7 Re7 49. Ra6 Re6 50. Ra7 Kf8 51. Rb7 Re7 52. Rb8+ Kg7 53. Rb6 Re5 54. Ra6 f5 55. Ra4 Kf6 56. Ra6+ Re6 57. Ra5 fxg4 58. hxg4 Rb6 59. Ra2 Ke5 60. Re2+ Kf6 61. Rd2 Re6 62. Rd5 Kg6 63. Rd8 Ra6 64. Rd2 f6 65. Kg2 Ra3 66. Re2 Ra6 67. Rb2 Kf7 68. Re2 Re6 69. Rd2 Re5 70. f4 Re4 71. fxg5 fxg5 72. Kh3 Re3+ 73. Kh2 Rg3 74. Rd4 Kf6 75. Re4 Kf7 76. Kh1 Kg7 77. Kh2 Kf6 78. Kh1 Rf3 79. Kg2 Rf4 80. Re8 Rxg4+ 81. Kh3 Rg3+ 82. Kh2 Kf5 83. Ra8 Kg4 84. Ra4+ Kh5 85. Rb4 Ra3 86. Rb2 Ra5 87. Rc2 g4 88. Kg2 Rf5 89. Rc8 h3+ 90. Kh2 Rf2+ 91. Kg1 Rg2+ 92. Kh1 Ra2 93. Rc1 Kh4 94. Rb1 Ra4 95. Rc1 g3 96. Kg1 Rf4 97. Re1 h2+ 98. Kg2 Rf2+ 99. Kh1 Kh3 0-1


[Site "https://www.chess.com"]

[Event "Titled Tuesday Blitz November 07 Late 2023"]
[White "Remolar Gallen, Jose"]
[Black "Indjic, Aleksandar"]
[WhiteFideId "2215187"]
[BlackFideId "911925"]
[WhiteElo "2534"]
[BlackElo "2927"]
[Result "1/2-1/2"]
[Round "7"]
[TimeControl "180+1"]
[Date "2023.11.07"]
[WhiteClock "0:00:16"]
[BlackClock "0:00:13"]
[Board "14"]

1. e4 c5 2. Nf3 e6 3. d4 cxd4 4. Nxd4 a6 5. Nc3 b5 6. Bd3 Bb7 7. O-O Nc6 8. Nxc6 Bxc6 9. a3 Bc5 10. Qe2 Ne7 11. Be3 Qb6 12. Rae1 Bxe3 13. Qxe3 Qxe3 14. Rxe3 Rb8 15. f4 O-O 16. f5 Rfc8 17. Ne2 f6 18. fxe6 dxe6 19. Nd4 e5 20. Nf5 Nxf5 21. Rxf5 Kf8 22. g4 h6 23. Rg3 Bd7 24. Rf2 Ke7 25. h4 g5 26. h5 Rb6 27. Kg2 a5 28. Kh3 Rd6 29. Rgf3 b4 30. axb4 axb4 31. Kg3 Ra8 32. Rf1 Ra2 33. b3 Ra5 34. Rd1 Ra2 35. Rff1 Be6 36. Kf3 Rd8 37. Kg3 Rda8 38. Kf3 Rb2 39. Ra1 Raa2 40. Rxa2 Rxa2 41. Rg1 Ra7 42. Ke3 Kd6 43. Kd2 Kc5 44. Ke3 Kd6 45. Be2 Kd7 46. Rd1+ Ke7 47. Rg1 Ra5 48. Rd1 Ra2 49. Rc1 Kd6 50. Bf3 Bd7 51. Be2 Ke7 52. Bf3 Ra7 53. Be2 Be6 54. Bf3 Kd6 55. Rd1+ Kc7 56. Be2 Ra2 57. Rc1 Kd6 58. Bf3 Kc5 59. Be2 Bd7 60. Bf3 Bb5 61. Bd1 Ba6 62. Bf3 Bc8 63. Be2 Bd7 64. Bf3 Bb5 65. Bd1 Ra8 66. Bf3 Rd8 67. Rd1 Rd4 68. Be2 Rxd1 69. Bxd1 Ba6 70. Bf3 Bf1 71. Bd1 Bb5 72. Bf3 Kd6 73. Bd1 Bc6 74. Bf3 Kc5 75. Bd1 Bd7 76. Bf3 Bc8 77. Bd1 Ba6 78. Bf3 Bf1 79. Bd1 Kd6 80. Bf3 Kc6 81. Bd1 Kc5 82. Kf2 Bb5 83. Ke3 Bd7 84. Bf3 Bc6 85. Bd1 Bb5 86. Bf3 Kb6 87. Bd1 Kc7 88. Bf3 Kd8 89. Bd1 Ke7 90. Bf3 Bd7 91. Bd1 Be6 92. Bf3 Kd6 93. Be2 Kc5 94. Bf3 Bd7 95. Be2 Bc6 96. Bf3 Bb5 97. Bd1 1/2-1/2


[Site "https://www.chess.com"]

[Event "Titled Tuesday Blitz November 07 Late 2023"]
[White "Korchmar, Vasiliy"]
[Black "Aravindh, Chithambaram VR."]
[WhiteFideId "24131750"]
[BlackFideId "5072786"]
[WhiteElo "2767"]
[BlackElo "2936"]
[Result "0-1"]
[Round "7"]
[TimeControl "180+1"]
[Date "2023.11.07"]
[WhiteClock "0:00:03"]
[BlackClock "0:01:27"]
[Board "15"]

1. e4 e6 2. d4 d5 3. e5 c5 4. c3 Nc6 5. Nf3 a6 6. Be2 f6 7. O-O fxe5 8. dxe5 Qc7 9. c4 d4 10. Bf4 Nge7 11. Nbd2 Nf5 12. Bd3 Nh6 13. Ne4 Nf7 14. Re1 Bd7 15. Neg5 Be7 16. Nxf7 Kxf7 17. Ng5+ Bxg5 18. Bxg5 Raf8 19. Qh5+ Kg8 20. Re4 Be8 21. Qh3 Qd7 22. Rh4 h6 23. Re1 Nb4 24. Be4 d3 25. Rd1 Qa4 26. b3 Qxa2 27. Be7 Qxf2+ 0-1


[Site "https://www.chess.com"]

[Event "Titled Tuesday Blitz November 07 Late 2023"]
[White "Elsa167"]
[Black "Brodsky, David"]
[BlackFideId "2073250"]
[WhiteElo "2975"]
[BlackElo "2806"]
[Result "1-0"]
[Round "7"]
[TimeControl "180+1"]
[Date "2023.11.07"]
[WhiteClock "0:00:35"]
[BlackClock "0:00:04"]
[Board "16"]

1. d4 Nf6 2. c4 e6 3. Nf3 d5 4. Nc3 c6 5. Bg5 h6 6. Bxf6 Qxf6 7. Qc2 dxc4 8. e3 b5 9. a4 Bb7 10. axb5 cxb5 11. Nxb5 Bb4+ 12. Nc3 O-O 13. Be2 Rc8 14. O-O Nd7 15. Nd2 Nb6 16. Bf3 Nd5 17. Rfc1 a5 18. Nde4 Qg6 19. Na4 Bc6 20. Nac5 Rab8 21. Nd6 Qxc2 22. Rxc2 Rd8 23. Nxc4 Bxc5 24. Nxa5 Ra8 25. Rxc5 Be8 26. Rcc1 Rdb8 27. Nc4 Rxa1 28. Rxa1 Kf8 29. h4 Bc6 30. Ra7 Nb4 31. Ne5 Bxf3 32. Nd7+ Kg8 33. Nxb8 1-0


[Site "https://www.chess.com"]

[Event "Titled Tuesday Blitz November 07 Late 2023"]
[White "Salinas Herrera, Pablo"]
[Black "GaiozNigalidze"]
[WhiteFideId "3407128"]
[WhiteElo "2893"]
[BlackElo "2747"]
[Result "1-0"]
[Round "7"]
[TimeControl "180+1"]
[Date "2023.11.07"]
[WhiteClock "0:00:06"]
[BlackClock "0:00:18"]
[Board "17"]

1. d4 Nf6 2. Nf3 c5 3. d5 b5 4. a4 Qa5+ 5. Bd2 b4 6. c4 g6 7. b3 Bg7 8. Ra2 d6 9. g3 Ne4 10. Bg2 Nxd2 11. Nbxd2 Bg4 12. O-O Bxf3 13. exf3 O-O 14. f4 Qc7 15. Re1 a5 16. Nf1 Ra7 17. Rae2 Re8 18. Re4 Qd8 19. Qf3 Nd7 20. h4 Bc3 21. R1e2 Nf6 22. R4e3 Bd4 23. Rd3 Qd7 24. Ne3 h5 25. Nc2 Bc3 26. Rde3 Qd8 27. Bh3 Kh8 28. f5 Rg8 29. fxg6 Rxg6 30. Bf5 Rg7 31. Qf4 Qf8 32. Kf1 Ng8 33. Bd3 Rb7 34. Qf5 Nf6 35. Rf3 Kg8 36. Ne3 Bd4 37. Ng2 Be5 38. Rfe3 Bd4 39. Rf3 Be5 40. Bc2 Rc7 41. Ne1 Qc8 42. Nd3 Ng4 43. Qxh5 Nh2+ 44. Kg2 Nxf3 45. Qxf3 Qf8 46. Nxe5 dxe5 47. Rxe5 Rd7 48. Qe4 f6 49. Re6 Rd6 50. Rxd6 exd6 51. Qe6+ Kh8 52. Bf5 Qe7 53. f4 Qf8 54. Kf3 Re7 55. Qc8 Qxc8 56. Bxc8 Re1 57. Bf5 Kg7 58. g4 Rc1 59. g5 Rc3+ 60. Kg4 Rxb3 61. h5 Rb2 62. h6+ Kh8 63. g6 Rg2+ 64. Kf3 Rg1 65. g7+ Rxg7 66. hxg7+ Kxg7 67. Kg4 Kf7 68. Kh5 Kg7 69. Bd3 f5 70. Bxf5 Kf6 71. Bc2 1-0


[Site "https://www.chess.com"]

[Event "Titled Tuesday Blitz November 07 Late 2023"]
[White "mind1mover"]
[Black "Maksimovic, Bojan"]
[BlackFideId "14408120"]
[WhiteElo "2842"]
[BlackElo "2734"]
[Result "0-1"]
[Round "7"]
[TimeControl "180+1"]
[Date "2023.11.07"]
[WhiteClock "0:00:00"]
[BlackClock "0:00:09"]
[Board "18"]

1. Nf3 Nf6 2. b3 g6 3. Bb2 Bg7 4. g3 d6 5. d4 c5 6. dxc5 Qa5+ 7. Nbd2 Qxc5 8. e3 O-O 9. Bg2 Nc6 10. O-O Qh5 11. Nd4 Bg4 12. Bf3 Ne5 13. Be2 Bxe2 14. Qxe2 Qxe2 15. Nxe2 Nd5 16. c4 Nb4 17. a3 Nbd3 18. Bd4 Rfc8 19. Rfd1 Nc5 20. Nc3 Ned7 21. Nd5 Bf8 22. Rab1 e6 23. Nc3 f5 24. b4 Na6 25. Nb5 b6 26. Rbc1 Nc7 27. Nb3 Kf7 28. Bb2 Ne8 29. N5d4 Ndf6 30. Ne2 Ne4 31. f3 N4f6 32. Nbd4 a6 33. Nb3 Rc7 34. Bd4 Rb8 35. Rc2 g5 36. h3 h5 37. Rdc1 g4 38. hxg4 hxg4 39. Kg2 gxf3+ 40. Kxf3 Ng4 41. Rh1 Nef6 42. Bxf6 Kxf6 43. Nf4 Ne5+ 44. Ke2 Rxc4 45. Rxc4 Nxc4 46. Nd4 e5 47. Nd5+ Kg6 48. Nc6 Re8 49. Nc7 Rc8 50. Nxa6 Rxc6 51. Rc1 b5 52. Nb8 Rc7 53. a4 bxa4 54. b5 Rb7 55. Nc6 d5 56. Rb1 a3 57. Nd8 Rb6 58. Nc6 Kf6 59. Na7 Bc5 60. Nc8 a2 61. Nxb6 axb1=Q 62. Nd7+ Kg5 63. Nxc5 Qc2+ 0-1


[Site "https://www.chess.com"]

[Event "Titled Tuesday Blitz November 07 Late 2023"]
[White "Rustemov, Alexander"]
[Black "Roberson, Peter T"]
[WhiteFideId "4119002"]
[BlackFideId "412384"]
[WhiteElo "2815"]
[BlackElo "2602"]
[Result "1/2-1/2"]
[Round "7"]
[TimeControl "180+1"]
[Date "2023.11.07"]
[WhiteClock "0:00:51"]
[BlackClock "0:00:37"]
[Board "19"]

1. d4 Nf6 2. c4 c5 3. d5 e6 4. Nc3 exd5 5. cxd5 d6 6. e4 g6 7. h3 Bg7 8. Nf3 O-O 9. Bd3 b5 10. Bxb5 Nxe4 11. Nxe4 Qa5+ 12. Nfd2 Qxb5 13. Nxd6 Qa6 14. N2c4 Nd7 15. O-O Ne5 16. Nxc8 Nxc4 17. Ne7+ Kh8 18. Nc6 Nxb2 19. Bxb2 Bxb2 20. Rb1 Bf6 21. Rc1 Qxa2 22. d6 a5 23. d7 a4 24. Rxc5 a3 25. Rd5 Qb2 26. d8=Q Bxd8 27. Nxd8 a2 28. Qa1 Qxa1 29. Rxa1 Rfxd8 30. Rxd8+ Rxd8 31. Rxa2 h5 1/2-1/2


[Site "https://www.chess.com"]